[Event "42nd Olympiad Baku 2016 Open"]
[Site "Baku"]
[Date "2016.09.08"]
[Round "6.24"]
[White "Nepomniachtchi, Ian"]
[Black "Fridman, Daniel"]
[Result "1-0"]
[ECO "C42"]
[WhiteElo "2740"]
[BlackElo "2618"]
[Annotator ""]
[PlyCount "105"]
[EventDate "2016.??.??"]
[EventCountry "AZE"]
[SourceTitle "playchess.com"]
[Source "ChessBase"]
[WhiteTeam "Russia"]
[BlackTeam "Germany"]
[WhiteTeamCountry "RUS"]
[BlackTeamCountry "GER"]
[TimeControl "40/5400+30:1800+30"]

1. e4 {(00:00} e5 {(00:00} 2. Nf3 {(00:14} Nf6 {
(00:00} 3. Nxe5 {(00:05} d6 {(00:00} 4. Nf3 {(
00:04} Nxe4 {(00:00} 5. Nc3 {(00:05} Nxc3 {(00:00} 6.
dxc3 {(00:07} Be7 {(00:06} 7. Be3 {(00:06} O-O {
(00:23} 8. Qd2 {(00:18} Nd7 {(00:11} 9. O-O-O {(
00:13} c6 {(00:18} 10. Kb1 {(01:30} Re8 {(04:57} 11.
h4 {(01:05} Ne5 {(12:13} 12. Nxe5 {(01:53} dxe5 {
(00:08} 13. Bd3 {(00:05} Be6 {(03:18} 14. Qe2 {(
00:35} Qc8 {(11:59} 15. Bc1 {(13:34} Bf8 {(04:37} 16.
h5 {(08:35} e4 {(09:13} 17. Bc4 {(00:16} Bg4 {(
04:32} 18. f3 {(01:09} exf3 {(00:15} 19. Qf2 {(00:18}
Be6 {(13:09} 20. Bxe6 {(02:09} Qxe6 {(00:08} 21. gxf3 {
(00:20} Qf5 {(00:25} 22. h6 {(01:57} g6 {(00:10]
} 23. Rhe1 {(03:05} b6 {(04:24} 24. Qg3 {(01:50} Rxe1 {
(05:36} 25. Rxe1 {(00:10} Qd7 {(06:29} 26. Qe5 {
(02:43} Qh3 {(01:41} 27. Qe3 {(02:38} Rd8 {(00:
54} 28. Qf4 {(07:25} Qd7 {(01:19} 29. Qe4 {(08:29} Qe6
{(04:43} 30. Qh4 {(00:25} Qd7 {(00:07} 31. Qa4 {
(03:11} c5 {(02:30} 32. Qa6 {(01:03} Qc6 {(02:
25} 33. a4 {(08:06} Qxf3 {(03:03} 34. Qxa7 {(00:19}
Qc6 {(00:37} 35. Rf1 {(00:21} Rd7 {(05:13} 36. Qa6 {
(00:24} Qe6 {(00:32} 37. b3 {(02:40} Rd6 {(01:
27} 38. Qb7 {(05:06} Rd7 {(00:48} 39. Qb8 {(01:11} Qd6
{(00:53} 40. Qa8 {(00:00} Qd5 {(00:00} 41. Qa6 {
(01:32} Qe6 {(05:49} 42. Kb2 {(03:45} Rd5 {(04:
32} 43. Qa8 {(01:03} Qd7 {(02:45} 44. Re1 {(02:34} Qd8
{(00:34} 45. Qa6 {(00:25} Rd7 {(02:17} 46. Qb5 {
(00:25} Be7 {(01:12} 47. Bf4 {(01:59} Kf8 {(02:
34} 48. Be5 {(04:53} f6 {(01:26} 49. Bg3 {(01:38} g5 {
(01:10} 50. Qc6 {(01:48} f5 {(06:08} 51. Be5 {(
00:34} Kf7 {(00:12} 52. Qf3 {(06:16} Kg6 {(02:33} 53.
Rf1 {(00:06} 1-0

[Event "42nd Olympiad Baku 2016 Open"]
[Site "Baku"]
[Date "2016.09.08"]
[Round "6.3"]
[White "Nezad, Husein Aziz"]
[Black "Blagojevic, Dragisa"]
[Result "1/2-1/2"]
[ECO "D45"]
[WhiteElo "2427"]
[BlackElo "2482"]
[Annotator ""]
[PlyCount "81"]
[EventDate "2016.??.??"]
[EventCountry "AZE"]
[SourceTitle "playchess.com"]
[Source "ChessBase"]
[WhiteTeam "Qatar"]
[BlackTeam "Montenegro"]
[WhiteTeamCountry "QAT"]
[BlackTeamCountry "MNE"]
[TimeControl "40/5400+30:1800+30"]

1. d4 {(00:00} d5 {(00:00} 2. c4 {(00:00} c6 {(
00:00} 3. Nc3 {(00:00} Nf6 {(00:00} 4. e3 {(00:13} e6
{(00:11} 5. Nf3 {(00:10} Nbd7 {(00:07} 6. Qc2 {(
00:08} b6 {(00:12} 7. Bd3 {(00:48} Bb7 {(00:32} 8. b3
{(01:03} Be7 {(03:10} 9. O-O {(00:13} Qc7 {(00:
51} 10. Bb2 {(00:15} h6 {(00:36} 11. Rac1 {(03:19} O-O
{(02:56} 12. Qe2 {(00:10} Rad8 {(04:05} 13. Rfd1 {
(03:33} Qb8 {(06:25} 14. e4 {(03:59} dxe4 {(03:
55} 15. Nxe4 {(00:14} c5 {(05:05} 16. dxc5 {(03:56}
bxc5 {(02:39} 17. Ng3 {(20:07} Bxf3 {(16:31} 18. Qxf3 {
(09:13} Ne5 {(00:42} 19. Qe2 {(00:30} Nxd3 {(01:
20} 20. Rxd3 {(00:02} Rxd3 {(00:31} 21. Qxd3 {(00:03}
Rd8 {(03:37} 22. Qe2 {(00:03} Qd6 {(05:11} 23. Bc3 {
(00:16} Ne8 {(06:09} 24. Ne4 {(05:52} Qd3 {(07:
35} 25. Qxd3 {(06:17} Rxd3 {(00:09} 26. f4 {(00:53} g5
{(03:48} 27. fxg5 {(01:59} hxg5 {(00:21} 28. Kf1 {
(01:13} f5 {(02:25} 29. Nf2 {(00:01} Rd7 {(00:
49} 30. Ke2 {(03:30} Nf6 {(07:06} 31. h3 {(07:28} Kf7
{(06:05} 32. Rc2 {(11:58} Bd6 {(03:50} 33. Rd2 {
(02:59} Ke7 {(01:36} 34. g4 {(03:25} Rd8 {(01:
43} 35. Rd1 {(00:36} Nd7 {(02:09} 36. Nd3 {(07:07} Rf8
{(02:15} 37. Rg1 {(01:54} Rg8 {(01:30} 38. Rf1 {
(00:45} Rf8 {(00:52} 39. Rg1 {(00:56} Rg8 {(00:
16} 40. Rf1 {(00:00} Rf8 {(00:00} 41. Rg1 {(12:06}
1/2-1/2

[Event "42nd Olympiad Baku 2016 Open"]
[Site "Baku"]
[Date "2016.09.08"]
[Round "6.21"]
[White "Ng, Tze Han"]
[Black "Li, Hui"]
[Result "1/2-1/2"]
[ECO "B81"]
[WhiteElo "2190"]
[BlackElo "1964"]
[Annotator ""]
[PlyCount "104"]
[EventDate "2016.??.??"]
[EventCountry "AZE"]
[SourceTitle "playchess.com"]
[Source "ChessBase"]
[WhiteTeam "Malaysia"]
[BlackTeam "Macau"]
[WhiteTeamCountry "MAS"]
[BlackTeamCountry "MAC"]
[TimeControl "40/5400+30:1800+30"]

1. e4 {(00:00} c5 {(00:40} 2. Nf3 {(00:00} d6 {(
00:31} 3. d4 {(00:19} cxd4 {(00:05} 4. Nxd4 {(00:06}
Nf6 {(00:04} 5. Nc3 {(00:08} e6 {(00:24} 6. g4 {
(04:27} h6 {(12:11} 7. Bg2 {(08:42} a6 {(28:17}
8. h3 {(04:18} Qc7 {(07:06} 9. Be3 {(01:03} Nc6 {
(02:25} 10. f4 {(00:50} Be7 {(05:27} 11. Qe2 {(
01:42} Nxd4 {(06:49} 12. Bxd4 {(01:39} e5 {(00:23} 13.
Be3 {(01:20} Be6 {(05:58} 14. O-O-O {(10:56} exf4 {
(01:27} 15. Bxf4 {(00:07} Nd7 {(00:22} 16. Nd5 {
(03:01} Bxd5 {(00:08} 17. exd5 {(00:30} Ne5 {(
01:49} 18. Bxe5 {(01:35} dxe5 {(00:12} 19. h4 {(01:41}
O-O-O {(07:30} 20. Rh3 {(02:31} Kb8 {(01:38} 21. Rc3 {
(23:03} Qd6 {(00:29} 22. Qf2 {(01:51} Rd7 {(08:
01} 23. Kb1 {(05:05} Qf6 {(04:24} 24. Qe2 {(08:48} Bd6
{(00:12} 25. h5 {(01:28} Qe7 {(02:22} 26. Be4 {(
00:20} Rc7 {(00:22} 27. Rb3 {(02:41} Ka8 {(01:12} 28.
a3 {(00:41} Rhc8 {(00:21} 29. Bf5 {(00:33} Rd8 {
(00:13} 30. Rdd3 {(05:54} Ka7 {(01:15} 31. Rbc3 {
(01:04} Rxc3 {(00:36} 32. Rxc3 {(00:07} Bc5 {(
02:28} 33. Be4 {(01:25} Qd6 {(00:27} 34. b4 {(00:26}
Bb6 {(00:51} 35. Rf3 {(01:36} Qd7 {(00:05} 36. Rb3 {
(02:19} Qe7 {(00:40} 37. c4 {(00:20} Bd4 {(00:
03} 38. c5 {(00:49} Qh4 {(00:31} 39. d6 {(00:58} f5 {
(00:49} 40. gxf5 {(00:00} Qg5 {(00:00} 41. Rd3 {
(06:47} Qg1+ {(04:12} 42. Rd1 {(01:28} Qg3 {(02:
04} 43. Ka2 {(05:38} Qh3 {(15:59} 44. Rh1 {(01:58} Qc3
{(04:12} 45. Qc2 {(02:00} Qxc2+ {(01:17} 46. Bxc2 {
(00:08} b6 {(00:01} 47. c6 {(02:22} Rxd6 {(00:
11} 48. Be4 {(00:39} Kb8 {(00:41} 49. Rd1 {(06:09} Kc7
{(00:29} 50. Kb3 {(01:35} Be3 {(01:05} 51. Rxd6 {
(02:01} Kxd6 {(00:01} 52. b5 {(01:13} a5 {(02:
14} 1/2-1/2

[Event "42nd Olympiad Baku 2016 Open"]
[Site "Baku"]
[Date "2016.09.08"]
[Round "6.20"]
[White "Nguyen, Anh Khoi"]
[Black "Klaasen, Calvin Jong"]
[Result "1-0"]
[ECO "E17"]
[WhiteElo "2448"]
[BlackElo "2177"]
[Annotator ""]
[PlyCount "69"]
[EventDate "2016.??.??"]
[EventCountry "AZE"]
[SourceTitle "playchess.com"]
[Source "ChessBase"]
[WhiteTeam "Vietnam"]
[BlackTeam "South Africa"]
[WhiteTeamCountry "VIE"]
[BlackTeamCountry "RSA"]
[TimeControl "40/5400+30:1800+30"]

1. d4 {(00:00} Nf6 {(00:00} 2. c4 {(00:00} e6 {(
00:00} 3. Nf3 {(00:00} b6 {(00:28} 4. g3 {(00:00} Bb7
{(00:24} 5. Bg2 {(00:00} Be7 {(00:57} 6. O-O {(
00:07} O-O {(00:05} 7. Re1 {(00:05} Na6 {(04:37} 8.
Ne5 {(00:51} Bxg2 {(04:16} 9. Kxg2 {(00:07} Nb8 {
(13:50} 10. e4 {(10:54} c5 {(08:41} 11. d5 {(01:
51} d6 {(01:11} 12. Nd3 {(08:56} exd5 {(08:28} 13.
cxd5 {(10:10} Na6 {(00:19} 14. Nc3 {(00:32} Nc7 {
(01:24} 15. a4 {(04:19} Re8 {(02:23} 16. b4 {(
08:13} Nd7 {(04:59} 17. Rb1 {(05:20} Bf6 {(03:55} 18.
Qc2 {(11:30} Ne5 {(06:37} 19. Bd2 {(14:11} Nc4 {
(07:10} 20. Bc1 {(01:06} Ne5 {(00:16} 21. Bf4 {(
02:08} Na6 {(08:20} 22. Bxe5 {(02:56} Bxe5 {(00:21}
23. Nb5 {(02:47} Nc7 {(05:19} 24. Na3 {(02:56} f5 {
(12:54} 25. bxc5 {(02:53} dxc5 {(00:43} 26. Nc4 {
(02:21} Bf6 {(02:03} 27. d6 {(01:03} Ne6 {(01:
59} 28. e5 {(00:16} Bg5 {(00:15} 29. f4 {(01:01} Bh6 {
(00:09} 30. Ne3 {(00:51} g6 {(01:33} 31. Qc4 {(
01:16} Kh8 {(00:13} 32. a5 {(02:05} Bg7 {(00:55} 33.
Nd5 {(01:15} Rb8 {(00:55} 34. Rb2 {(02:42} Qd7 {
(00:42} 35. Reb1 {(01:17} 1-0

[Event "42nd Olympiad Baku 2016 Open"]
[Site "Baku"]
[Date "2016.09.08"]
[Round "6.18"]
[White "Nguyen, Ngoc Truong Son"]
[Black "Cawdery, Daniel"]
[Result "1/2-1/2"]
[ECO "D97"]
[WhiteElo "2633"]
[BlackElo "2416"]
[Annotator ""]
[PlyCount "64"]
[EventDate "2016.??.??"]
[EventCountry "AZE"]
[SourceTitle "playchess.com"]
[Source "ChessBase"]
[WhiteTeam "Vietnam"]
[BlackTeam "South Africa"]
[WhiteTeamCountry "VIE"]
[BlackTeamCountry "RSA"]
[TimeControl "40/5400+30:1800+30"]

1. d4 {(00:00} Nf6 {(00:00} 2. c4 {(00:00} g6 {(
00:00} 3. Nc3 {(00:03} d5 {(00:00} 4. Nf3 {(00:12} Bg7
{(00:00} 5. Qb3 {(00:11} dxc4 {(01:08} 6. Qxc4 {
(00:12} O-O {(00:07} 7. e4 {(00:12} a6 {(00:27}
8. Be2 {(00:13} b5 {(01:33} 9. Qb3 {(00:14} Nc6 {
(07:14} 10. e5 {(02:42} Be6 {(01:33} 11. exf6 {(
01:03} Bxb3 {(00:08} 12. fxg7 {(00:10} Kxg7 {(00:04}
13. axb3 {(00:08} Nxd4 {(00:01} 14. Nxd4 {(01:05} Qxd4
{(00:04} 15. O-O {(02:07} Qb4 {(01:07} 16. Bf3 {
(04:21} Qxb3 {(01:23} 17. Nd5 {(03:31} b4 {(18:
04} 18. Be3 {(12:51} Rad8 {(08:43} 19. Rfd1 {(27:03}
e5 {(05:22} 20. Rd2 {(09:23} c6 {(09:13} 21. Bd1 {
(00:45} Qc4 {(00:09} 22. Nb6 {(02:37} Qe6 {(00:
40} 23. Rc2 {(05:40} Rd3 {(01:16} 24. Rac1 {(05:04} b3
{(06:06} 25. Rc3 {(01:15} Rxc3 {(17:11} 26. Rxc3 {
(00:07} Rd8 {(00:07} 27. Be2 {(02:56} f5 {(00:
48} 28. Nc4 {(01:46} f4 {(03:31} 29. Bb6 {(00:21} Rd4
{(02:06} 30. f3 {(05:14} Rd5 {(02:53} 31. Rxb3 {
(05:50} e4 {(02:38} 32. Bf2 {(00:32} Qd7 {(02:
56} 1/2-1/2

[Event "42nd Olympiad Baku 2016 Open"]
[Site "Baku"]
[Date "2016.09.08"]
[Round "6.21"]
[White "Nisipeanu, Liviu-Dieter"]
[Black "Karjakin, Sergey"]
[Result "1/2-1/2"]
[ECO "E46"]
[WhiteElo "2687"]
[BlackElo "2769"]
[Annotator ""]
[PlyCount "63"]
[EventDate "2016.??.??"]
[EventCountry "AZE"]
[SourceTitle "playchess.com"]
[Source "ChessBase"]
[WhiteTeam "Germany"]
[BlackTeam "Russia"]
[WhiteTeamCountry "GER"]
[BlackTeamCountry "RUS"]
[TimeControl "40/5400+30:1800+30"]

1. d4 {(00:00} Nf6 {(00:00} 2. c4 {(00:00} e6 {(
00:00} 3. Nc3 {(00:00} Bb4 {(00:00} 4. e3 {(00:00} O-O
{(00:00} 5. Nge2 {(00:01} d5 {(00:16} 6. a3 {(
00:22} Be7 {(00:07} 7. cxd5 {(00:27} exd5 {(00:07} 8.
Nf4 {(00:25} c6 {(03:46} 9. Bd3 {(00:13} Na6 {(
00:58} 10. O-O {(00:28} Nc7 {(00:06} 11. Bd2 {(00:35}
g6 {(07:54} 12. f3 {(05:59} Re8 {(18:27} 13. Kh1 {
(17:10} b6 {(11:00} 14. Be1 {(06:42} c5 {(01:12]
} 15. Bh4 {(05:36} Bb7 {(01:29} 16. Qd2 {(01:03} Nd7 {
(05:20} 17. Bxe7 {(18:35} Qxe7 {(00:08} 18. Rfe1 {
(00:07} Nf6 {(09:08} 19. Qf2 {(01:36} Qd6 {(03:
06} 20. Qg3 {(01:59} Rad8 {(00:49} 21. Rad1 {(04:45}
a6 {(04:46} 22. Bb1 {(06:41} Ne6 {(15:34} 23. dxc5 {
(05:27} bxc5 {(00:38} 24. Nfxd5 {(02:04} Nxd5 {(
00:32} 25. Nxd5 {(00:07} Bxd5 {(00:13} 26. Qxd6 {(00:
08} Rxd6 {(00:03} 27. e4 {(00:05} Red8 {(01:20} 28.
Rxd5 {(02:04} Rxd5 {(00:08} 29. exd5 {(00:03} Rxd5 {
(00:07} 30. Ba2 {(00:02} Rd2 {(00:08} 31. Bxe6 {
(00:05} fxe6 {(00:05} 32. h3 {(00:50} 1/2-1/2

[Event "42nd Olympiad Baku 2016 Open"]
[Site "Baku"]
[Date "2016.09.08"]
[Round "6.27"]
[White "Nitzborn, Max Baron"]
[Black "Gurbanov, Andrei"]
[Result "0-1"]
[ECO "B18"]
[WhiteElo "1970"]
[BlackElo "2322"]
[Annotator ""]
[PlyCount "78"]
[EventDate "2016.??.??"]
[EventCountry "AZE"]
[SourceTitle "playchess.com"]
[Source "ChessBase"]
[WhiteTeam "NAM"]
[BlackTeam "IPCA"]
[WhiteTeamCountry "NAM"]
[BlackTeamCountry "ISR"]
[TimeControl "40/5400+30:1800+30"]

1. e4 {(00:00} e5 {(00:00} 2. Nf3 {(00:00} Nc6 {
(00:00} 3. Nc3 {(02:04} g6 {(00:56} 4. d4 {(06:
39} exd4 {(00:22} 5. Nxd4 {(00:02} Bg7 {(00:08} 6.
Nxc6 {(00:48} bxc6 {(00:08} 7. Bd3 {(00:53} d6 {
(02:59} 8. O-O {(03:36} Nf6 {(03:59} 9. Bg5 {(
08:31} h6 {(00:20} 10. Bh4 {(00:03} O-O {(01:20} 11.
f4 {(01:19} Rb8 {(05:07} 12. Rb1 {(08:08} Qe8 {(
01:31} 13. Kh1 {(01:34} Nd7 {(13:09} 14. Na4 {(16:17}
c5 {(02:35} 15. c4 {(07:07} Bb7 {(04:08} 16. Qc2 {
(01:12} Nb6 {(04:21} 17. Nc3 {(00:39} Qd7 {(02:
02} 18. Rbe1 {(09:36} Qg4 {(06:24} 19. Bg3 {(00:08}
Nd7 {(03:38} 20. Be2 {(07:52} Qe6 {(00:33} 21. f5 {
(02:01} Qe7 {(02:21} 22. b3 {(00:38} g5 {(03:20]
} 23. Nd5 {(00:29} Bxd5 {(01:36} 24. exd5 {(00:02} Be5
{(01:13} 25. Bh5 {(01:50} Qf6 {(00:41} 26. Qe4 {
(02:33} Bxg3 {(01:03} 27. hxg3 {(00:04} Ne5 {(
00:06} 28. Bd1 {(02:28} Rfe8 {(04:04} 29. Bc2 {(01:39}
Re7 {(00:34} 30. Qe2 {(00:18} Rbe8 {(00:25} 31. Qh5 {
(00:02} Nd7 {(02:59} 32. Rxe7 Rxe7 {(00:06} 33. Bb1 {
(02:25} Re3 {(00:39} 34. Kh2 {(00:17} Kg7 {(00:
25} 35. Qd1 {(00:32} Qe5 {(00:27} 36. f6+ {(04:44}
Nxf6 {(00:30} 37. Rxf6 {(01:16} Qxg3+ {(00:47} 38. Kg1
{(00:09} Kxf6 {(00:07} 39. Qf1+ {(00:17} Kg7 {(
00:16} 0-1

[Event "42nd Olympiad Baku 2016 Open"]
[Site "Baku"]
[Date "2016.09.08"]
[Round "6.7"]
[White "Notha, Moakofi"]
[Black "Sohib, Okla"]
[Result "0-1"]
[ECO "C20"]
[WhiteElo "2119"]
[BlackElo "2153"]
[Annotator ""]
[PlyCount "184"]
[EventDate "2016.??.??"]
[EventCountry "AZE"]
[SourceTitle "playchess.com"]
[Source "ChessBase"]
[WhiteTeam "Botswana"]
[BlackTeam "Syria"]
[WhiteTeamCountry "BOT"]
[BlackTeamCountry "SYR"]
[TimeControl "40/5400+30:1800+30"]

1. e4 {(00:00} e5 {(00:00} 2. Bb5 {(00:00} a6 {(
00:56} 3. Ba4 {(00:00} Nc6 {(00:25} 4. f4 {(00:00} Nf6
{(07:47} 5. Nf3 {(00:46} Nxe4 {(08:44} 6. fxe5 {
(01:15} Nc5 {(01:14} 7. Bb3 {(02:51} Nxb3 {(01:
02} 8. axb3 {(00:03} d6 {(02:22} 9. exd6 {(02:34} Bxd6
{(00:20} 10. O-O {(00:10} Bc5+ {(05:13} 11. Kh1 {
(00:56} O-O {(00:41} 12. d3 {(03:51} Bg4 {(01:
22} 13. c3 {(02:01} Ne5 {(08:50} 14. d4 {(02:54} Nxf3
{(00:23} 15. gxf3 {(00:52} Bh5 {(00:28} 16. Nd2 {
(06:29} Be7 {(03:10} 17. Ne4 {(00:42} Bg6 {(03:
54} 18. Bf4 {(02:25} Re8 {(04:08} 19. Qd2 {(03:51} Bh4
{(12:37} 20. Nc5 {(09:16} Qc8 {(12:39} 21. Qg2 {
(02:32} b6 {(07:39} 22. Ne4 {(00:22} Qb7 {(00:
19} 23. Ng3 {(05:55} c5 {(04:03} 24. Rad1 {(08:22}
cxd4 {(03:21} 25. Rxd4 {(00:48} Bf6 {(00:51} 26. Rd2 {
(05:43} Rad8 {(01:05} 27. b4 {(03:39} Rxd2 {(01:
11} 28. Bxd2 {(00:23} h5 {(02:50} 29. Re1 {(04:08}
Rxe1+ {(01:41} 30. Bxe1 {(00:02} Qd5 {(01:55} 31. Bf2 {
(02:50} Qd1+ {(00:27} 32. Bg1 {(00:22} h4 {(00:
58} 33. Qe2 {(04:55} Qd5 {(00:40} 34. Ne4 {(02:09} Bd8
{(01:21} 35. Bd4 {(05:13} h3 {(01:16} 36. Kg1 {(
03:06} b5 {(01:11} 37. Ng3 {(04:09} Bc7 {(00:19} 38.
Kf2 {(06:53} f6 {(00:41} 39. Nf1 {(03:25} Bd6 {(
00:33} 40. Ke1 {(00:00} Bh5 {(00:00} 41. Kf2 {(07:41}
Bg6 {(20:42} 42. Ng3 {(05:54} Bxb4 {(02:28} 43. Qf1 {
(05:31} Bc5 {(01:22} 44. Ne2 {(04:40} Qh5 {(04:
12} 45. Nf4 {(04:14} Qh4+ {(02:15} 46. Ke3 {(00:08}
Bxd4+ {(01:21} 47. cxd4 {(00:02} Bf5 {(00:36} 48. Qa1 {
(02:12} Qg5 {(01:02} 49. b4 {(01:57} Kh7 {(00:
15} 50. Qc1 {(02:26} Bg6 {(01:15} 51. Qf1 {(00:46} Bf5
{(00:24} 52. Qc1 {(00:07} Bd7 {(00:39} 53. Kf2 {
(01:43} Qf5 {(00:24} 54. Qc7 {(00:52} Kh6 {(00:
32} 55. Qb8 {(02:20} Kh7 {(00:32} 56. Qc7 {(00:01} g5
{(00:30} 57. Ne2 {(00:38} Kg6 {(00:20} 58. Qd6 {
(01:06} Qe6 {(00:38} 59. Qc5 {(00:45} Bc6 {(00:
25} 60. Nc3 {(00:26} Bb7 {(00:42} 61. Qc7 {(00:27} Qc6
{(00:28} 62. Qxc6 {(00:29} Bxc6 {(00:01} 63. d5 {
(00:01} Bd7 {(00:46} 64. Ne4 {(00:25} Kf7 {(00:
40} 65. Ke3 {(00:17} Ke7 {(00:25} 66. Kd4 {(00:04} Bf5
{(00:37} 67. Ng3 {(01:44} Bc2 {(00:15} 68. Kc5 {
(00:01} Bd1 {(00:35} 69. d6+ {(01:02} Kd8 {(00:
19} 70. Ne4 {(00:20} Bxf3 {(00:33} 71. Nxf6 g4 {(00:39]
} 72. Nh5 {(01:15} Kd7 {(00:05} 73. Ng3 {(00:30} Bd1 {
(00:28} 74. Kd5 {(00:33} Bb3+ {(00:46} 75. Ke5 {
(00:23} Bc2 {(00:33} 76. Kd5 {(00:17} Bb3+ {(00:
27} 77. Ke5 {(00:01} Bf7 {(00:25} 78. Ne4 {(00:20} Kc6
{(00:45} 79. Nf2 {(01:26} g3 {(00:57} 80. hxg3 {
(00:29} h2 {(00:10} 81. g4 {(00:11} Be8 {(00:37]
} 82. g5 {(00:44} a5 {(00:30} 83. bxa5 {(00:32} b4 {
(00:07} 84. a6 {(00:25} b3 {(00:14} 85. a7 {(00:
21} Kb7 {(00:16} 86. g6 {(00:29} b2 {(00:15} 87. g7 {
(00:04} b1=Q {(00:32} 88. a8=Q+ {(00:54} Kxa8 {(
00:01} 89. g8=Q {(00:03} Qb2+ {(00:18} 90. Ke4 {(00:33]
} Qe2+ {(00:11} 91. Kd4 {(01:17} Qxf2+ {(00:13} 92. Kc4
{(00:30} Qa2+ {(00:14} 0-1

[Event "42nd Olympiad Baku 2016 Open"]
[Site "Baku"]
[Date "2016.09.08"]
[Round "6.22"]
[White "Numatsi, Yawotsu Dzigba"]
[Black "Elmi Boulaleh, Mohamed"]
[Result "1-0"]
[ECO "A40"]
[WhiteElo "1677"]
[BlackElo "1502"]
[Annotator ""]
[PlyCount "29"]
[EventDate "2016.??.??"]
[EventCountry "AZE"]
[SourceTitle "playchess.com"]
[Source "ChessBase"]
[WhiteTeam "Togo"]
[BlackTeam "Djibouti"]
[WhiteTeamCountry "TOG"]
[BlackTeamCountry "DJI"]
[TimeControl "40/5400+30:1800+30"]

1. d4 e6 {(00:54} 2. e3 {(00:00} c5 {(02:03} 3. c3 {
(00:51} h6 {(02:13} 4. f4 {(01:40} Nc6 {(15:06}
5. Nf3 {(00:44} Nf6 {(00:10} 6. Bd3 {(00:21} Bd6 {
(00:10} 7. O-O {(00:33} O-O {(06:25} 8. Ne5 {(
00:25} cxd4 {(00:15} 9. cxd4 {(00:02} Bb8 {(00:07} 10.
a3 {(01:23} d6 {(00:02} 11. Nf3 {(00:47} a6 {(
00:10} 12. Nbd2 {(00:33} b5 {(00:26} 13. Bb1 {(01:58}
Ng4 {(00:11} 14. Qc2 Bb7 15. Qh7# {(05:04} 1-0

[Event "42nd Olympiad Baku 2016 Open"]
[Site "Baku"]
[Date "2016.09.08"]
[Round "6.26"]
[White "Obodchuk, Andrei"]
[Black "Oberholzer, Rex"]
[Result "1-0"]
[ECO "C58"]
[WhiteElo "2402"]
[BlackElo "2047"]
[Annotator ""]
[PlyCount "79"]
[EventDate "2016.??.??"]
[EventCountry "AZE"]
[SourceTitle "playchess.com"]
[Source "ChessBase"]
[WhiteTeam "IPCA"]
[BlackTeam "NAM"]
[WhiteTeamCountry "RUS"]
[BlackTeamCountry "NAM"]
[TimeControl "40/5400+30:1800+30"]

1. d4 {(00:00} d5 {(00:00} 2. c4 {(00:00} e6 {(
00:00} 3. Nf3 {(00:00} Nf6 {(00:03} 4. g3 {(00:00} c6
{(01:43} 5. Bg2 {(00:26} Nbd7 {(02:37} 6. O-O {(
00:59} Bd6 {(00:36} 7. Nc3 {(00:52} O-O {(00:10} 8.
Nd2 {(00:07} dxc4 {(12:23} 9. Nxc4 {(01:40} Bc7 {
(01:16} 10. e4 {(04:44} e5 {(08:55} 11. d5 {(02:
47} Nb6 {(05:49} 12. Ne3 {(19:18} Bd7 {(13:21} 13. a4
{(03:42} a5 {(01:05} 14. b3 {(02:38} Bd6 {(00:
32} 15. Qe2 {(01:53} Bb4 {(02:14} 16. Bb2 {(00:12} Re8
{(00:55} 17. Rfd1 {(00:45} Qc8 {(01:14} 18. Rac1 {
(01:05} Bh3 {(01:25} 19. dxc6 {(05:30} bxc6 {(
00:50} 20. Ncd5 {(00:13} Nbxd5 {(00:55} 21. exd5 {(01:
15} c5 {(01:34} 22. Nc4 {(05:46} Bxg2 {(03:26} 23.
Kxg2 {(00:31} Qa6 {(02:59} 24. Bxe5 {(06:20} Nd7 {
(07:01} 25. Qb2 {(00:43} Nxe5 {(00:37} 26. Nxe5 {
(00:02} Qf6 {(04:25} 27. Nc4 {(01:32} Qg6 {(02:
52} 28. Qc2 {(01:57} Qh5 {(02:06} 29. Qd3 {(00:36}
Rad8 {(00:47} 30. d6 {(01:00} Re6 {(01:11} 31. Qf3 {
(01:25} Qh6 {(02:12} 32. Rc2 {(01:10} Qg6 {(06:
09} 33. Re2 {(00:26} h6 {(00:14} 34. Rxe6 Qxe6 {(00:30]
} 35. Rd3 {(00:56} Rd7 {(03:55} 36. Re3 {(00:15} Qg6 {
(01:35} 37. Re8+ {(00:17} Kh7 {(00:24} 38. Qa8 {
(00:22} Qf6 {(00:30} 39. Ne5 {(00:22} g6 {(00:
44} 40. Nxd7 {(00:00} 1-0

[Event "42nd Olympiad Baku 2016 Open"]
[Site "Baku"]
[Date "2016.09.08"]
[Round "6.11"]
[White "Odeev, Handszar"]
[Black "Quesada Perez, Yuniesky"]
[Result "0-1"]
[ECO "B48"]
[WhiteElo "2401"]
[BlackElo "2636"]
[Annotator ""]
[PlyCount "118"]
[EventDate "2016.??.??"]
[EventCountry "AZE"]
[SourceTitle "playchess.com"]
[Source "ChessBase"]
[WhiteTeam "Turkmenistan"]
[BlackTeam "Cuba"]
[WhiteTeamCountry "TKM"]
[BlackTeamCountry "CUB"]
[TimeControl "40/5400+30:1800+30"]

1. e4 {(00:00} c5 {(00:00} 2. Nf3 {(00:00} e6 {(
00:00} 3. d4 {(03:21} cxd4 {(00:03} 4. Nxd4 {(00:07}
Nc6 {(00:24} 5. Nc3 {(00:11} Qc7 {(00:10} 6. Be3 {
(00:45} a6 {(01:46} 7. Bd3 {(01:55} Nf6 {(03:44]
} 8. O-O {(00:20} Ne5 {(04:23} 9. h3 {(01:15} Bc5 {
(00:46} 10. Qd2 {(17:40} d6 {(03:39} 11. Rae1 {(
03:39} O-O {(14:53} 12. f4 {(03:14} Ng6 {(03:18} 13.
Nb3 {(29:25} Bxe3+ {(02:25} 14. Qxe3 {(01:59} b5 {
(06:13} 15. a3 {(06:39} Bb7 {(09:50} 16. e5 {(
13:40} dxe5 {(05:42} 17. Bxg6 {(00:09} hxg6 {(03:37}
18. Qxe5 {(00:42} Qc6 {(12:35} 19. Rf2 {(00:23} Rad8 {
(05:31} 20. Na5 {(04:10} Qb6 {(00:20} 21. Nxb7 {
(00:32} Qxb7 {(00:08} 22. Ne4 {(04:23} Nxe4 {(
01:24} 23. Qxe4 {(00:07} Rd5 {(00:11} 24. c4 {(01:48}
bxc4 {(00:31} 25. Qxc4 {(00:02} Rc8 {(01:59} 26. Qe2 {
(01:34} Rcd8 {(02:50} 27. Rc1 {(02:09} Qb6 {(01:
00} 28. Kh1 {(01:02} a5 {(00:26} 29. Rc3 {(01:19} Qb8
{(04:21} 30. Qc4 {(01:23} Qb6 {(02:26} 31. Rcc2 {
(00:52} Qe3 {(03:15} 32. Kh2 {(00:23} Rd1 {(01:
48} 33. Qe2 {(00:36} Qb6 {(01:40} 34. Rf1 {(00:31}
R1d4 {(01:24} 35. Qf2 {(00:29} Qb3 {(00:53} 36. Rfc1 {
(00:34} Qb7 {(01:23} 37. Re2 {(00:32} Qb8 {(00:
40} 38. g3 {(00:34} R8d5 {(01:50} 39. Rec2 {(00:23}
Qd6 {(00:31} 40. Re1 {(00:00} Qd7 {(00:00} 41. h4 {
(14:56} Kh7 {(03:14} 42. Rce2 {(00:09} Rb5 {(01:
51} 43. Rc1 {(03:33} Rd3 {(03:51} 44. Rg1 {(05:05} Qd6
{(04:56} 45. Rg2 {(00:24} f6 {(05:28} 46. Rd2 {(
01:07} Rbd5 {(00:16} 47. Rxd3 {(00:23} Rxd3 {(00:05}
48. Qe1 {(03:22} Qd5 {(01:09} 49. Qe2 {(00:40} a4 {
(04:52} 50. Qc2 {(00:14} Qd4 {(02:16} 51. Qe2 {(
00:17} Re3 {(01:09} 52. Qd2 {(00:28} Rd3 {(01:23} 53.
Qe2 {(00:10} Qd5 {(01:14} 54. Qc2 {(00:03} e5 {(
00:54} 55. fxe5 {(00:28} fxe5 {(00:03} 56. Qxa4 {(02:
46} e4 {(00:06} 57. Qe8 {(05:01} e3 {(00:16} 58. Re2 {
(00:27} Qf3 {(00:58} 59. Rg2 {(00:36} Rd2 {(00:
13} 0-1